 Dungeon Crawl Stone Soup version 0.19.1 (webtiles) character file.

30774 LORDOFBUTT the Unseen (level 13, -1/55 HPs)
             Began as a Spriggan Enchanter on Dec 28, 2016.
             Was an Initiate of Gozag.
             Slain by a naga warrior
             ... wielding a +0 long sword
              (23 damage)
             ... on level 1 of the Snake Pit.
             The game lasted 00:53:59 (20214 turns).

LORDOFBUTT the Unseen (Spriggan Enchanter)         Turns: 20214, Time: 00:54:00

Health: -1/55      AC:  6    Str:  7    XL:     13   Next: 22%
Magic:  16/31      EV: 33    Int: 17    God:    Gozag
Gold:   610        SH:  0    Dex: 21    Spells: 3 memorised, 32 levels left

rFire  . . .     SeeInvis +     M - +10 rapier of Checks and Balances {venom, Str+3}
rCold  + + +     Gourm    .     E - +0 robe of Sehiuhio {+Blink rElec rC+++}
rNeg   . . .     Faith    .     (shield restricted)
rPois  +         Spirit   .     l - +1 hat
rElec  +         Reflect  .     f - +2 cloak {MR+}
rCorr  .         Harm     .     (gloves unavailable)
MR     +++..                    (boots unavailable)
Stlth  +++++++...               (no amulet)
                                e - +6 ring of evasion
                                b - ring of poison resistance

@: lethally poisoned (-1 -> -3), gold aura, constricted, very quick
A: unfitting armour, see invisible, herbivore 3, speed 3, slow metabolism 2
a: Potion Petition, Call Merchant, Bribe Branch, Renounce Religion, Evoke Blink


You were on level 1 of the Snake Pit.
You worshipped Gozag.
Gozag was pleased with you.
You were very full.

You visited 4 branches of the dungeon, and saw 16 of its levels.
You also visited: Sewer and Volcano.

You collected 3071 gold pieces.
You spent 703 gold pieces at shops.
You paid 1758 gold pieces to Gozag.

Inventory:

Hand Weapons
 M - the +10 rapier of Checks and Balances (weapon) {venom, Str+3}
   (You acquired it on level 10 of the Dungeon)

   It poisons the flesh of those it strikes.
   It affects your strength (+3).
 V - a +0 blowgun
Missiles
 m - 96 poisoned needles
 W - 8 curare-tipped needles
Armour
 f - a +2 cloak of magic resistance (worn)
 l - a +1 hat (worn)
 E - the +0 robe of Sehiuhio (worn) {+Blink rElec rC+++}
   (You bought it in a shop on level 1 of the Snake Pit)

   It renders you almost immune to cold.
   It insulates you from electricity.
   It lets you blink.
 P - a +2 robe of fire resistance
Jewellery
 b - a ring of poison resistance (left hand)
 e - a +6 ring of evasion (right hand)
 i - a +3 ring of strength
 n - an uncursed ring of positive energy
 p - an uncursed ring of see invisible {unknown}
 D - an uncursed ring of ice
 K - an uncursed ring of flight
 L - a +3 ring of dexterity
Wands
 a - a wand of iceblast (3/15)
 h - a wand of acid (14/15)
 o - a wand of iceblast (3/15)
 v - a wand of random effects (28/48)
 B - a wand of paralysis (11/24)
 C - a wand of paralysis (18/24)
 J - a wand of disintegration (12/24)
 O - a wand of polymorph (14/24)
 Q - a wand of paralysis (10/24)
 R - a wand of iceblast (6/15)
 X - a wand of iceblast (4/15)
Scrolls
 g - 4 scrolls of recharging
 k - 3 scrolls of fear
 q - 5 scrolls of fog
 t - 2 scrolls of blinking {unknown}
 x - 6 scrolls of remove curse
 y - 2 scrolls of teleportation
 A - a scroll of acquirement
 G - 4 scrolls of magic mapping
 N - 4 scrolls of amnesia {unknown}
 U - a scroll of torment {unknown}
Potions
 j - 3 potions of haste
 r - 3 potions of brilliance
 s - 2 potions of berserk rage
 u - 6 potions of curing
 w - 4 potions of might
 z - a potion of cancellation
 F - 7 potions of agility
 S - 2 potions of magic
 T - 3 potions of flight
Books
 c - a book of Maledictions

   Spells                             Type                      Level
   a - Corona                         Hexes                        1
   b - Ensorcelled Hibernation        Hexes/Ice                    2
   c - Confuse                        Hexes                        3
   d - Tukima's Dance                 Hexes                        3
   e - Dazzling Spray                 Conjuration/Hexes            3
Comestibles
 d - 4 bread rations


   Skills:
 + Level 8.4 Short Blades
 + Level 12.0 Dodging
 * Level 16.0 Stealth
 * Level 13.3 Spellcasting
 * Level 13.2 Hexes
 + Level 4.8 Ice Magic


You had 32 spell levels left.
You knew the following spells:

 Your Spells              Type           Power        Failure   Level  Hunger
a - Corona                Hex            ######.      1%          1    None
b - Ensorcelled Hibernat  Hex/Ice        #####.       1%          2    None
c - Confuse               Hex            ######..     1%          3    None


Dungeon Overview and Level Annotations

Branches:
Dungeon (10/15)            Temple (0/1) D:5            Lair (4/6) D:10
  Swamp (0/4) Lair:3        Snake (1/4) Lair:2          Orc (1/2) D:9

Altars:
Ashenzari
Dithmenos
Gozag
Makhleb
Nemelex Xobeh
Okawaru
Qazlal
Sif Muna
Trog
Xom
Zin
The Shining One

Shops:
D:5 =   D:8 *   Orc:1 =   Lair:2 =   Lair:3 [   Snake:1 *[%[

Annotations:
D:10 Fannar


Innate Abilities, Weirdness & Mutations

You are very small and have problems with some larger weapons.
You are too small for most types of armour.
You have supernaturally acute eyesight. (SInv)
You are a herbivore.
You cover ground extremely quickly.
You need consume almost no food.


Message History

The naga warrior resists with almost no effort.
The naga warrior completely misses you. The naga warrior constricts you.
Casting: Ensorcelled Hibernation
Confirm with . or Enter, or press ? or * to list all spells.
Aiming: Ensorcelled Hibernation
Press: ? - help, Shift-Dir - straight line, f/p - naga warrior
Aim: a naga warrior, wielding a long sword and wearing a robe (lightly wounded, constricting you, chance to defeat MR: 19%)
The naga warrior resists with almost no effort.
The naga warrior spits poison at you. The splash of poison hits you!
You resist. The naga warrior constricts you.
Casting: Ensorcelled Hibernation
Confirm with . or Enter, or press ? or * to list all spells.
Aiming: Ensorcelled Hibernation
Press: ? - help, Shift-Dir - straight line, f/p - naga warrior
Aim: a naga warrior, wielding a long sword and wearing a robe (lightly wounded, constricting you, catching its breath, chance to defeat MR: 19%)
The naga warrior resists with almost no effort.
You feel sick.
The naga warrior hits you with a long sword!!
You die...
Your body crumbles into a pile of gold.

..####.## ##.........)....##..##
..##....#####............#.###..#
...........###............## ##.#
(..........# ###........#.# ###..
...........# #####.....#### #.##.
.#.........###..####..##.# ##.###
.#...............######..###.)# #
.##........##........###..#...# #
####.......#....@N..## ##.....# #
.###......##....N....# ##....###
..###.....##..........# ##.####.
...###...#..>.........# ##..#..#
...####..##.######.#### #.....##
....# ######.# #.# #......# ...##
## ## #....### ..## #..### ###
####


You could see a naga warrior and a naga (confused).

Vanquished Creatures
  A hydra (Lair:1)
  A naga warrior (Snake:1)
  4 anacondas (Snake:1)
  Erica (Lair:2)
  A naga sharpshooter (Snake:1)
  Sonja (D:10)
  A naga ritualist (Snake:1)
  An unseen horror (D:10)
  A wizard (Volcano)
  A sea snake (Snake:1)
  A hill giant (D:9)
  3 mana vipers (Snake:1)
  A salamander (Snake:1)
  An elephant (D:10)
  8 black mambas
  A guardian serpent (Snake:1)
  Maurice (D:10)
  4 spiny frogs
  5 naga magi (Snake:1)
  A rime drake (Lair:3)
  3 komodo dragons
  A freezing wraith (D:9)
  A polar bear (Lair:2)
  A hornet (D:8)
  3 blink frogs (Lair:2)
  3 hippogriffs
  A wyvern (D:10)
  14 yaks
  3 fire bats (Lair:2)
  9 nagas (Snake:1)
  5 insubstantial wisps (Lair:3)
  3 porcupines
  2 water moccasins
  2 ice beasts (D:10)
  2 sky beasts
  Purgy (Sewer)
  8 orc warriors
  A phantom (D:9)
  A black bear (Lair:2)
  A necrophage (D:9)
  4 ogres
  4 centaurs
  6 wolves (Lair:4)
  5 crocodiles
  2 big kobolds
  13 bullfrogs
  6 scorpions
  13 killer bees
  4 crimson imps
  2 centaur zombies
  6 hounds
  2 bullfrog zombies
  A quasit (D:9)
  A jelly (D:9)
  3 centaur skeletons
  9 orc priests
  A bullfrog skeleton (D:9)
  Jessica (D:3)
  Ijyb (D:3)
  5 iguanas
  19 orc wizards
  8 worker ants
  3 hound skeletons
  A howler monkey skeleton (D:9)
  2 worker ant zombies
  7 adders
  5 gnolls
  2 shadow imps
  2 oozes
  2 adder skeletons
  2 worms
  4 dart slugs
  7 leopard geckos
  35 orcs
  A ball python (D:3)
  12 bats
  9 giant cockroaches
  7 hobgoblins
  5 jackals (D:2)
  7 quokkas
  3 frilled lizards
  9 goblins
  A jackal skeleton (D:7)
  A jackal zombie (D:8)
  20 kobolds
  2 quokka skeletons
  A quokka zombie (D:9)
  6 rats
376 creatures vanquished.

Vanquished Creatures (others)
  A killer bee (D:7)
  An orc wizard (D:5)
  A hound zombie (D:6)
  2 plants (Snake:1)
5 creatures vanquished.

Grand Total: 381 creatures vanquished

Notes
Turn   | Place    | Note
-------+----------+-------------------------------------------
     0 | D:1      | LORDOFBUTT the Spriggan Enchanter began the quest for the Orb.
     0 | D:1      | Reached XP level 1. HP: 9/9 MP: 5/5
   513 | D:1      | Reached XP level 2. HP: 13/13 MP: 6/6
   872 | D:1      | Learned a level 2 spell: Ensorcelled Hibernation
  1346 | D:2      | Reached XP level 3. HP: 16/16 MP: 8/8
  1377 | D:2      | Reached skill level 5 in Stealth
  2198 | D:2      | Found an iron altar of Okawaru.
  2202 | D:2      | Found a shadowy altar of Dithmenos.
  2207 | D:2      | Found a bloodstained altar of Trog.
  2240 | D:3      | Found a glowing drain.
  2268 | D:3      | Reached XP level 4. HP: 21/21 MP: 5/10
  2367 | Sewer    | Entered a sewer
  2435 | Sewer    | Noticed Purgy
  2520 | Sewer    | Learned a level 3 spell: Confuse
  2526 | Sewer    | HP: 1/21 [Purgy (2)]
  2534 | Sewer    | Killed Purgy
  2534 | Sewer    | Reached XP level 5. HP: 16/24 MP: 0/12
  2738 | D:3      | Reached skill level 6 in Stealth
  2991 | D:3      | Noticed Ijyb
  3003 | D:3      | Reached skill level 5 in Hexes
  3015 | D:3      | Killed Ijyb
  3021 | D:3      | Reached XP level 6. HP: 16/28 MP: 7/13
  3369 | D:3      | Noticed Jessica
  3376 | D:3      | Killed Jessica
  3829 | D:3      | Found a deep blue altar of Sif Muna.
  3858 | D:3      | Reached skill level 5 in Spellcasting
  4069 | D:4      | Reached skill level 5 in Dodging
  4212 | D:4      | Reached XP level 7. HP: 16/32 MP: 6/15
  4470 | D:4      | Reached skill level 7 in Stealth
  5107 | D:5      | Entered Level 5 of the Dungeon
  5429 | D:5      | Reached XP level 8. HP: 36/36 MP: 14/18
  5432 | D:5      | Found an opulent altar of Gozag.
  5467 | D:5      | Found Naka Fosm's Jewellery Shoppe.
  5562 | D:5      | Found a sparkling altar of Nemelex Xobeh.
  5586 | D:5      | Reached skill level 8 in Stealth
  5887 | D:5      | Found a staircase to the Ecumenical Temple.
  6051 | D:5      | Became a worshipper of Gozag Ym Sagoz the Greedy
  6767 | D:6      | Found a glowing silver altar of Zin.
  6861 | D:6      | Reached skill level 9 in Stealth
  6906 | D:6      | Found a burning altar of Makhleb.
  6906 | D:6      | Found a glowing golden altar of the Shining One.
  6906 | D:6      | Found a stormy altar of Qazlal.
  7509 | D:7      | Reached XP level 9. HP: 18/39 MP: 0/21
  8517 | D:8      | Reached skill level 5 in Short Blades
  8521 | D:8      | Reached skill level 10 in Stealth
  9307 | D:8      | Paralysed by a hornet for 1 turns
  9378 | D:8      | Found Puru's General Store.
  9642 | D:9      | Found a staircase to the Orcish Mines.
  9648 | D:9      | Reached skill level 11 in Stealth
  9976 | D:9      | Reached XP level 10. HP: 44/44 MP: 21/24
 10145 | D:9      | Found a shattered altar of Ashenzari.
 10283 | D:9      | Found a shimmering altar of Xom.
 10986 | D:9      | Noticed a hill giant
 11299 | D:9      | HP: 2/44 [wight/hand axe[an orc warrior] (2)]
 11361 | D:9      | Killed a hill giant
 11361 | D:9      | Reached skill level 12 in Stealth
 11361 | D:9      | Reached skill level 10 in Spellcasting
 11361 | D:9      | Reached skill level 10 in Hexes
 11871 | D:9      | Reached skill level 1 in Ice Magic
 12091 | D:10     | Entered Level 10 of the Dungeon
 12248 | D:10     | Found a staircase to the Lair.
 12248 | D:10     | Noticed an elephant
 12250 | D:10     | Noticed Sonja
 12303 | D:10     | Noticed Fannar
 12631 | Lair:1   | Entered Level 1 of the Lair of Beasts
 12642 | Lair:1   | Noticed a black mamba
 12651 | Lair:1   | Killed a black mamba
 12783 | Lair:1   | Noticed a six-headed hydra
 12832 | Lair:1   | Killed a six-headed hydra
 12832 | Lair:1   | Reached XP level 11. HP: 10/47 MP: 8/26
 13067 | Lair:1   | Found a dark tunnel.
 13090 | Volcano  | Entered a volcano
 13112 | Volcano  | Noticed a wizard
 13117 | Volcano  | Killed a wizard
 13117 | Volcano  | Reached skill level 13 in Stealth
 13189 | Volcano  | Noticed VictoriousLee's ghost (journeyman TeSu)
 13195 | Volcano  | Noticed a wizard
 13196 | Volcano  | Noticed a wizard
 13588 | Lair:2   | Noticed Erica
 13606 | Lair:2   | Killed Erica
 13915 | D:7      | Got an ancient robe
 13926 | D:7      | Identified the cursed +1 robe of Pride {Dex+4} (You found it on level 7 of the Dungeon)
 14003 | D:10     | Reached skill level 10 in Dodging
 14032 | D:10     | Identified 2 scrolls of acquirement
 14036 | D:10     | Got a scorched rapier
 14037 | D:10     | Identified the +10 rapier of Checks and Balances {venom, Str+3} (You acquired it on level 10 of the Dungeon)
 14048 | D:10     | Killed Sonja
 14470 | D:10     | Reached skill level 14 in Stealth
 14502 | D:10     | Noticed Maurice
 14511 | D:10     | Killed Maurice
 14733 | D:10     | Noticed an unseen horror
 14740 | D:10     | Killed an unseen horror
 14986 | Lair:2   | Reached XP level 12. HP: 47/51 MP: 28/28
 15011 | Lair:2   | Found a staircase to the Snake Pit.
 15345 | Lair:2   | Gained mutation: Potions and wands are less effective at restoring your health. [potion of mutation]
 15345 | Lair:2   | Gained mutation: You have a pair of small antennae on your head. [potion of mutation]
 15345 | Lair:2   | Gained mutation: You tend to lose your temper in combat. [potion of mutation]
 15346 | Lair:2   | Lost mutation: You have a pair of small antennae on your head. [potion of cure mutation]
 15346 | Lair:2   | Lost mutation: You tend to lose your temper in combat. [potion of cure mutation]
 15346 | Lair:2   | Lost mutation: Potions and wands are less effective at restoring your health. [potion of cure mutation]
 15871 | Lair:3   | Found a staircase to the Swamp.
 17205 | Lair:3   | Bought a +2 cloak of magic resistance for 344 gold pieces
 17226 | Lair:4   | Noticed a death yak
 17227 | Lair:4   | Noticed a death yak
 17228 | Lair:4   | Noticed a death yak
 17229 | Lair:4   | Noticed a death yak
 17229 | Lair:4   | Noticed a death yak
 17232 | Lair:4   | Noticed a death yak
 17552 | Orc:1    | Entered Level 1 of the Orcish Mines
 17552 | Orc:1    | Found Xalad's Jewellery Shoppe.
 17557 | Orc:1    | Bought an uncursed ring of poison resistance for 200 gold pieces
 17643 | Snake:1  | Entered Level 1 of the Snake Pit
 17691 | Snake:1  | Noticed an anaconda
 17695 | Snake:1  | Killed an anaconda
 17758 | Snake:1  | Noticed a naga warrior
 17763 | Snake:1  | Killed a naga warrior
 17971 | Snake:1  | Reached skill level 15 in Stealth
 18172 | Snake:1  | Noticed an anaconda
 18205 | Snake:1  | Killed an anaconda
 18314 | Snake:1  | HP: 2/51 [poisoned by a black mamba]
 18322 | Snake:1  | HP: 2/51 [poisoned by a black mamba]
 18770 | Snake:1  | Noticed a naga warrior
 19258 | Snake:1  | Found Cudonair's Food Emporium.
 19258 | Snake:1  | Found Jecwes's Antique Armour Shoppe.
 19261 | Snake:1  | Found Wiux's Armour Emporium.
 19264 | Snake:1  | Found Esip's Assorted Antiques.
 19273 | Snake:1  | Bought a dull robe for 159 gold pieces
 19283 | Snake:1  | Identified the +0 robe of Sehiuhio {+Blink rElec rC+++} (You bought it in a shop on level 1 of the Snake Pit)
 19319 | Snake:1  | Noticed an anaconda
 19336 | Snake:1  | Reached XP level 13. HP: 26/55 MP: 31/31
 20078 | Snake:1  | Reached skill level 16 in Stealth
 20214 | Snake:1  | Slain by a naga warrior

Skill      XL: |  1  2  3  4  5  6  7  8  9 10 11 12 13 |
---------------+----------------------------------------+-----
Hexes          | 4 5 6 7 9 10 11 13 | 13.2
Stealth        | 5 6 7 9 11 12 14 15 16 | 16.0
Spellcasting   | 3 4 5 6 7 9 10 11 13 | 13.3
Dodging        | 4 5 6 8 9 10 11 12 | 12.0
Short Blades   | 2 3 4 5 6 7 8 |  8.4
Ice Magic      | 1 3 4 |  4.8

Action                   |  1- 3 |  4- 6 |  7- 9 | 10-12 | 13-15 || total
-------------------------+-------+-------+-------+-------+-------++-------
Melee: Dagger            |   157 |   232 |   296 |   156 |       ||   841
       Short sword       |       |       |       |    82 |       ||    82
       Rapier            |       |       |       |   235 |    26 ||   261
 Cast: Ensorcelled Hiber |    12 |    38 |    99 |   167 |    17 ||   333
       Confuse           |       |     7 |    16 |    37 |     4 ||    64
Invok: Call Merchant     |       |       |       |     2 |       ||     2
Evoke: Wand              |       |       |       |     1 |     1 ||     2
  Use: Scroll            |     3 |     6 |    14 |    12 |       ||    35
       Potion            |       |     1 |     1 |     7 |       ||     9
 Stab: Sleeping          |    17 |    21 |    78 |   102 |     7 ||   225
       Distracted        |     1 |       |     5 |     8 |     2 ||    16
       Fleeing           |       |     2 |       |     1 |       ||     3
       Confused          |       |     5 |     9 |    20 |     1 ||    35
  Eat: Bread ration      |       |     1 |       |     1 |       ||     2
       Fruit             |       |       |     6 |       |     9 ||    15
Armor: Robe              |    13 |    20 |     4 |    14 |     1 ||    52
Dodge: Dodged            |   122 |   353 |   277 |   551 |    51 ||  1354
